 Dungeon Crawl Stone Soup version 0.26-a0-812-g31a745ddcd (webtiles) character file.

Game seed: 13419846506027726681

16738 Apogee the Unseen (level 12, -5/68 HPs)
             Began as a Kobold Hunter on Dec 4, 2020.
             Was an Elder of Okawaru.
             Slain by a freezing wraith (12 damage)
             ... on level 15 of the Dungeon.
             The game lasted 00:32:28 (15004 turns).

Apogee the Unseen (Kobold Hunter)                  Turns: 15004, Time: 00:32:29

Health: -5/68      AC: 10    Str:  9    XL:     12   Next: 73%
Magic:  26/27      EV: 30    Int: 12    God:    Okawaru [****..]
Gold:   670        SH:  0    Dex: 21    Spells: 11/11 levels left

rFire    + . .     SeeInvis .   a - +1 hand crossbow
rCold    . . .     Faith    .   (shield restricted)
rNeg     . . .     Spirit   .   p - +2 leather armour {rF+}
rPois    .         Reflect  .   (no helmet)
rElec    .         Harm     .   (no cloak)
rCorr    .         Rampage  .   i - +0 pair of gloves
MR       .....                  M - +2 pair of boots
Stlth    +++++++++.             v - amulet of regeneration
HPRegen  0.61/turn              c - +4 ring of evasion
MPRegen  0.20/turn              B - ring of magical power

@: heroism, lightly drained
A: small, nightstalker 3
a: Heroism, Renounce Religion


You were on level 15 of the Dungeon.
You worshipped Okawaru.
Okawaru was greatly pleased with you.
You visited 1 branch of the dungeon, and saw 14 of its levels.

You collected 804 gold pieces.
You spent 134 gold pieces at shops.

Inventory:

Hand Weapons
 a - a +1 hand crossbow (weapon)
 b - a +3 dagger of venom
   (You took it off Josephine on level 11 of the Dungeon)
 F - a +1 dagger of holy wrath
   (You found it on level 4 of the Dungeon)
Missiles
 d - 86 bolts (quivered)
 o - a throwing net {!f}
 G - 7 curare-tipped darts {!f}
Armour
 i - a +0 pair of gloves (worn)
   (You found it on level 1 of the Dungeon)
 p - a +2 leather armour of fire resistance (worn)
   (You found it on level 3 of the Dungeon)
 M - a +2 pair of boots (worn)
   (You found it on level 11 of the Dungeon)
Jewellery
 c - a +4 ring of evasion (left hand)
   (You found it on level 5 of the Dungeon)
 e - an uncursed amulet of magic regeneration
   (You found it on level 1 of the Dungeon)
 v - an amulet of regeneration (around neck)
   (You found it on level 3 of the Dungeon)
 B - a ring of magical power (right hand)
   (You found it on level 6 of the Dungeon)
Wands
 t - a wand of flame (23)
   (You found it on level 4 of the Dungeon)
 L - a wand of polymorph (2)
   (You took it off a centaur on level 11 of the Dungeon)
Scrolls
 f - 5 scrolls of enchant weapon
 h - 16 scrolls of remove curse {@r2}
 j - a scroll of vulnerability {unknown}
 l - 2 scrolls of fog
 m - 3 scrolls of enchant armour
 r - 5 scrolls of amnesia
 u - 3 scrolls of blinking
 w - 4 scrolls of immolation {!r}
 x - 2 scrolls of magic mapping
 D - a scroll of teleportation {@r4}
 J - 2 scrolls of summoning {unknown}
Potions
 g - 2 potions of mutation {!q}
 k - 2 potions of flight {unknown}
 q - a potion of cancellation {unknown}
 s - 4 potions of might
 A - 2 potions of degeneration {!q}
 E - a potion of invisibility {unknown}
 H - 2 potions of curing {@q1}
 I - a potion of haste {unknown}
 K - a potion of lignification {unknown}
 N - a potion of brilliance {unknown}


   Skills:
 - Level 5.0(9.7) Fighting
 - Level 8.0(12.7) Short Blades
 - Level 10.0(14.7) Crossbows
 - Level 8.0(12.7) Dodging
 + Level 17.9(22.6) Stealth
 - Level 8.0(7.7) Invocations
 - Level 4.0(3.7) Evocations


You had 11 spell levels left.
You didn't know any spells.
Your spell library contained the following spells:

 Spells                   Type           Power        Failure   Level
 Beastly Appendage        Tmut           #.....       41%         1
 Wereblood                Tmut           #.......     54%         2
 Confusing Touch          Hex            #.......     78%         3
 Gell's Gravitas          Tloc           #.........   78%         3
 Spider Form              Tmut/Pois      #.........   78%         3
 Ice Form                 Ice/Tmut       #.......     99%         4
 Petrify                  Tmut/Erth      #.......     99%         4
 Blade Hands              Tmut           #.........   100%        5
 Metabolic Englaciation   Hex/Ice        #.........   100%        5
 Yara's Violent Unravell  Hex/Tmut       #.........   100%        5


Dungeon Overview and Level Annotations

Branches:
Dungeon (15/15)            Temple (0/1) D:7            Lair (0/6) D:11
    Orc (0/2) D:11         Depths (0/5) D:15
 Vaults: D:13-14

Altars:
Gozag
Makhleb
Nemelex Xobeh
Okawaru
Ru
Sif Muna
Trog
Uskayaw
Xom
Yredelemnul
Beogh

Shops:
D:5 *   D:8 ?   D:11 !

Annotations:
D:4 1 runed translucent door


Innate Abilities, Weirdness & Mutations

You are small and have problems with some larger weapons.
You are completely attuned to the shadows.


Message History

You shoot a bolt. The bolt hits the centaur warrior!
The centaur warrior shoots an arrow.
The arrow hits you.
You shoot a bolt.
The bolt hits the centaur warrior but does no damage.
The centaur warrior shoots an arrow.
The arrow hits you!
The centaur warrior shoots an arrow.
The arrow hits you!
The centaur warrior unwields a +0 shortbow.
The centaur warrior misses you.
The centaur warrior wields a +0 shortbow.
The centaur warrior shoots an arrow.
The arrow closely misses you.
The arrow hits the freezing wraith!!
The freezing wraith closely misses you.
The freezing wraith completely misses you.
The freezing wraith barely misses you. x2; The centaur warrior shoots an arrow.
The arrow hits you!
* * * LOW HITPOINT WARNING * * *
You see here an arrow.
You are too injured to fight recklessly!
You are too injured to fight recklessly!
You gain the combat prowess of a mighty hero.
The freezing wraith hits you!
* * * LOW HITPOINT WARNING * * *
The freezing wraith freezes you!
* * * LOW HITPOINT WARNING * * *
The freezing wraith closely misses you.
Firing (i - inventory. (/) - cycle)
d - 91 bolts (quivered)
Aim: a centaur warrior, wielding a +0 shortbow and quivering 16 arrows (lightly wounded)
You shoot a bolt.
The bolt barely misses the freezing wraith.
The bolt hits the centaur warrior.
The freezing wraith hits you but does no damage. x2
Firing (i - inventory. (/) - cycle)
d - 90 bolts (quivered)
Aim: a centaur warrior, wielding a +0 shortbow and quivering 16 arrows (moderately wounded)
You shoot a bolt. The bolt hits the freezing wraith!
The freezing wraith completely misses you. x2
Firing (i - inventory. (/) - cycle)
d - 89 bolts (quivered)
Aim: a centaur warrior, wielding a +0 shortbow and quivering 16 arrows (moderately wounded)
You shoot a bolt. The bolt hits the freezing wraith.
The freezing wraith completely misses you. x2
Firing (i - inventory. (/) - cycle)
d - 88 bolts (quivered)
Aim: a centaur warrior, wielding a +0 shortbow and quivering 16 arrows (moderately wounded)
You shoot a bolt. The bolt hits the freezing wraith.
The freezing wraith misses you. The freezing wraith barely misses you.
Firing (i - inventory. (/) - cycle)
d - 87 bolts (quivered)
Aim: a centaur warrior, wielding a +0 shortbow and quivering 16 arrows (moderately wounded)
You shoot a bolt.
The bolt hits the freezing wraith but does no damage.
The freezing wraith hits you.
* * * LOW HITPOINT WARNING * * *
The freezing wraith freezes you!
You die...

***************###.#####***,**
,,,,,,,,,,* #.....,,,,,,*
*********,***#####..###*******
,,,,,,* *,*,........# ***,***
*,**#(#####.# * *,*****,**#.#
#.# * *,*,,,,,,,#(# #.# *
*,*,***,*,#.#####.## *
*,*,***,#.#(cW@....#
***,,,,,,,#..((#######**
,,,,,,****####.....,,,,*
********,.,,,......,,*,* ,..*
*.#**#######*,*,* ##.#####.#
*,*,* .........##** *,*,*
.#.###.....,* *,*,*
.#...'.....,* *,*,*


You could see a centaur warrior and a freezing wraith.

Vanquished Creatures
  Josephine (D:11)
  A centaur warrior (D:10)
  2 two-headed ogres
  2 ugly things
  A cyclops (D:9)
  Pikel (D:10)
  A deep elf mage (D:12)
  A manticore (D:11)
  4 gargoyles
  A centaur skeleton (D:12)
  A kobold demonologist (D:11)
  8 trolls
  4 yaks (D:11)
  5 wraiths (D:11)
  A yak (shapeshifter) (D:15)
  A fire bat (D:11)
  2 vampire mosquitoes (D:11)
  2 black bears (D:7)
  5 orc warriors
  4 ice beasts
  A phantom (D:8)
  A sky beast (D:10)
  5 wolves
  3 ogres
  8 centaurs
  4 lemures
  2 big kobolds
  Blork the orc (D:4)
  3 gnoll sergeants (D:5)
  10 bullfrogs
  A water moccasin zombie (D:10)
  A wyvern skeleton (D:10)
  2 scorpions
  A water moccasin skeleton (D:9)
  3 killer bees (D:12)
  2 electric eels (D:11)
  8 wights
  2 howler monkeys
  A bullfrog zombie (D:6)
  2 centaur zombies (D:9)
  2 quasits (D:11)
  2 gnoll shamans (D:5)
  3 jellies
  21 hounds
  5 orc priests
  4 orc wizards
  2 bullfrog skeletons
  2 iguanas
  9 worker ants
  2 killer bee zombies
  A hound zombie (D:7)
  A hound skeleton (D:10)
  A worker ant zombie (D:7)
  37 gnolls
  8 adders
  A shadow imp (D:7)
  6 white imps
  An ufetubus (D:5)
  2 oozes
  2 adder skeletons
  4 worms
  A dart slug (D:3)
  5 leopard geckos
  47 orcs
  13 bats
  4 giant cockroaches
  6 goblins
  13 hobgoblins
  11 jackals
  2 quokkas
  A ball python (D:4)
  2 frilled lizards
  21 kobolds
  A leopard gecko zombie (D:8)
  A quokka zombie (D:5)
  10 rats
363 creatures vanquished.

Vanquished Creatures (collateral kills)
  An orc (D:5)
1 creature vanquished.

Vanquished Creatures (others)
  2 orcs (D:5)
2 creatures vanquished.

Grand Total: 366 creatures vanquished

Notes
Turn   | Place    | Note
-------+----------+-------------------------------------------
     0 | D:1      | Apogee the Kobold Hunter began the quest for the Orb.
     0 | D:1      | Reached XP level 1. HP: 12/12 MP: 1/1
   111 | D:1      | Reached skill level 1 in Short Blades
   111 | D:1      | Reached skill level 2 in Stealth
   125 | D:1      | Reached XP level 2. HP: 17/17 MP: 2/2
   600 | D:1      | Reached XP level 3. HP: 21/21 MP: 3/3
   654 | D:1      | Reached skill level 3 in Stealth
  1278 | D:2      | Found an iron altar of Okawaru.
  1320 | D:2      | Became a worshipper of Warmaster Okawaru
  1785 | D:2      | Reached XP level 4. HP: 24/26 MP: 4/4
  1821 | D:2      | Reached skill level 4 in Stealth
  2075 | D:2      | Reached XP level 5. HP: 30/30 MP: 5/5
  2453 | D:2      | Reached skill level 5 in Stealth
  3703 | D:4      | Reached XP level 6. HP: 30/35 MP: 6/6
  3745 | D:4      | Noticed Blork the orc
  3755 | D:4      | Killed Blork the orc
  3755 | D:4      | Reached skill level 5 in Short Blades
  3755 | D:4      | Reached skill level 6 in Stealth
  3793 | D:4      | Noticed an angel
  3794 | D:4      | Found a runed translucent door.
  3938 | D:4      | Reached skill level 7 in Stealth
  3989 | D:4      | Reached XP level 7. HP: 26/40 MP: 7/7
  4132 | D:4      | Reached * piety under Okawaru
  4132 | D:4      | Reached skill level 8 in Stealth
  4267 | D:4      | Reached skill level 5 in Crossbows
  4359 | D:4      | Reached skill level 1 in Invocations
  4567 | D:5      | Entered Level 5 of the Dungeon
  4968 | D:5      | Reached XP level 8. HP: 44/44 MP: 9/9
  5044 | D:4      | Reached skill level 9 in Stealth
  5175 | D:5      | Reached ** piety under Okawaru
  5671 | D:5      | Reached skill level 10 in Stealth
  5803 | D:5      | Reached XP level 9. HP: 48/48 MP: 12/12
  5823 | D:5      | Found Garejuny's Assorted Antiques.
  5833 | D:5      | Bought a scroll labelled JODUJECWOE for 23 gold pieces
  5833 | D:5      | Bought a scroll of identify for 46 gold pieces
  5833 | D:5      | Bought a scroll labelled RIKO XELLOELOY for 23 gold pieces
  5855 | D:5      | Found a burning altar of Makhleb.
  5888 | D:5      | Found a shimmering blue altar of Sif Muna.
  6031 | D:5      | Reached skill level 5 in Invocations
  6286 | D:5      | Reached *** piety under Okawaru
  6711 | D:6      | Reached skill level 11 in Stealth
  6768 | D:6      | Found a hide-covered altar of Uskayaw.
  6773 | D:6      | Noticed a +0 dagger
  6773 | D:6      | Noticed a +0 hand axe
  7398 | D:7      | Found an opulent altar of Gozag.
  7867 | D:7      | Found a staircase to the Ecumenical Temple.
  7891 | D:7      | Received a gift from Okawaru
  7896 | D:7      | Reached skill level 12 in Stealth
  8119 | D:7      | Reached XP level 10. HP: 28/53 MP: 15/15
  8887 | D:8      | Found a basalt altar of Yredelemnul.
  9413 | D:8      | Noticed a two-headed ogre
  9417 | D:8      | Killed a two-headed ogre
  9417 | D:8      | Received a gift from Okawaru
  9417 | D:8      | Reached **** piety under Okawaru
  9446 | D:8      | Noticed a white ugly thing
  9450 | D:8      | Killed a white ugly thing
  9849 | D:8      | Found Zeeph's Magic Scroll Shop.
  9853 | D:8      | Bought a scroll of amnesia for 42 gold pieces
 10131 | D:8      | Found a shimmering altar of Xom.
 10138 | D:8      | Found a bloodstained altar of Trog.
 10379 | D:9      | Noticed a two-headed ogre
 10383 | D:9      | Killed a two-headed ogre
 10383 | D:9      | Reached ***** piety under Okawaru
 10383 | D:9      | Reached skill level 5 in Fighting
 10383 | D:9      | Reached skill level 13 in Stealth
 10383 | D:9      | Reached XP level 11. HP: 63/63 MP: 17/17
 10405 | D:9      | Noticed a cyclops
 10408 | D:9      | Killed a cyclops
 10420 | D:9      | Noticed Pikel
 10543 | D:9      | Found a sparkling altar of Nemelex Xobeh.
 10638 | D:10     | Entered Level 10 of the Dungeon
 10735 | D:10     | Noticed a centaur warrior
 10739 | D:10     | Killed a centaur warrior
 10739 | D:10     | Reached skill level 10 in Crossbows
 10739 | D:10     | Reached skill level 14 in Stealth
 11811 | D:10     | Killed Pikel
 11811 | D:10     | Reached skill level 15 in Stealth
 12063 | D:11     | Reached skill level 5 in Dodging
 12063 | D:11     | Reached skill level 1 in Evocations
 12113 | D:11     | Received a gift from Okawaru
 12265 | D:11     | Received a gift from Okawaru
 12266 | D:11     | Got a pitted chain mail {god gift}
 12449 | D:11     | Identified the +0 chain mail of Courage {Str+2} (Okawaru
                  | gifted it to you on level 11 of the Dungeon)
 12503 | D:11     | Noticed a manticore
 12522 | D:11     | Killed a manticore
 12700 | D:11     | Reached XP level 12. HP: 38/68 MP: 18/18
 12702 | D:11     | Noticed a sun demon
 12950 | D:11     | Noticed Josephine
 12954 | D:11     | Killed Josephine
 12956 | D:11     | Reached skill level 16 in Stealth
 13262 | D:11     | Found Zaurod's Distillery.
 13411 | D:11     | Found a roughly hewn altar of Beogh.
 13442 | D:11     | Found a staircase to the Orcish Mines.
 13496 | D:11     | Found a staircase to the Lair.
 14033 | D:11     | Reached skill level 17 in Stealth
 14563 | D:12     | You fall into a shaft and drop 3 floors!
 14563 | D:15     | Entered Level 15 of the Dungeon
 14793 | D:15     | Noticed a centaur warrior
 14793 | D:15     | Noticed a centaur warrior
 14830 | D:15     | Found a sacrificial altar of Ru.
 15004 | D:15     | Slain by a freezing wraith

Illustrated notes

Levels and vault maps discovered:
D:1:      co_arrival_random_square_maze, layout_basic
D:2:      lemuel_upstairs_altar, layout_rooms, lemuel_doored_altar,
          minmay_quadrilaterals
D:3:      layout_basic, chequers_garden, minivault_27,
          chequers_serial_rivers_small_3, minmay_close_crescents
D:4:      layout_basic, lemuel_angel_altar, uniq_blork_the_orc
D:5:      layout_cave_pools, kennysheep_little_box, kennysheep_mini_moat,
          serial_gnoll_camp, gnoll_camp_medium_01, gnoll_camp_mini_shop,
          gnoll_camp_huts_basic, gnoll_camp_mini_doghouse
D:6:      layout_gridville, dancing_weapons_uskayaw
D:7:      kennysheep_six_static_rooms, layout_basic, minmay_temple_entry_mist,
          nicolae_gozag_cash_rules_everything_around_me
D:8:      layout_layer_cave, amethyst_overflow_temple_binary, basic_altar,
          serial_shops, shop
D:9:      layout_roguey, nemelex_altar_shiori, minmay_misc_feat_cross,
          makhleb_heckhound_becter, uniq_pikel
D:10:     layout_loops_corners
D:11:     layout_loops_corners, erik_lair_island, david_orc_5, serial_shops,
          nicolae_shop_crystal, chequers_serial_rivers_small_3,
          minmay_joined_circles, uniq_josephine
D:12:     layout_roguey, nicolae_trove_entry_diagonal, kennysheep_diamond,
          uniq_urug
D:14:     layout_irregular_city, chequers_arboretum, hangedman_decor_opposing,
          uniq_nessos
D:15:     grunt_enter_depths_hoard, layout_basic, nicolae_ru_awakened_eye,
          serial_shops, shop_fountains

Skill      XL: |  1  2  3  4  5  6  7  8  9 10 11 12 |
---------------+-------------------------------------+-----
Short Blades   | 1 2 3 4 5 7 8 |  8.0
Stealth        | 2 3 4 5 7 8 10 12 13 15 17 | 17.9
Crossbows      | 5 7 8 9 10 | 10.0
Invocations    | 2 4 7 8 |  8.0
Fighting       | 5 |  5.0
Dodging        | 6 8 |  8.0
Evocations     | 3 4 |  4.0

Action                   |  1- 3 |  4- 6 |  7- 9 | 10-12 || total
-------------------------+-------+-------+-------+-------++-------
Melee: Short sword       |   105 |   107 |    21 |       ||   233
       Dagger            |       |       |   259 |   529 ||   788
       Punch             |       |       |       |     3 ||     3
 Fire: Hand crossbow     |    11 |    56 |   302 |   489 ||   858
Invok: Heroism           |       |       |       |    11 ||    11
       Finesse           |       |       |       |     8 ||     8
Evoke: Wand              |       |       |     3 |    16 ||    19
  Use: Scroll            |       |       |     8 |    13 ||    21
       Potion            |       |       |     4 |     4 ||     8
 Stab: Sleeping          |    18 |    22 |    15 |    50 ||   105
       Distracted        |       |     1 |       |     2 ||     3
Armor: Leather armour    |    24 |    39 |    83 |   125 ||   271
Dodge: Dodged            |    85 |   132 |   472 |   751 ||  1440

Table legend: (Time is in decaauts)
 A = Elapsed time spent in this place.
 B = Non-inter-level travel time spent in this place.
 C = Inter-level travel time spent in this place.
 D = Time resting spent in this place.
 E = Time spent auto-exploring this place.
 F = Levels seen in this place.
 G = Mean time per level.
                   A        B        C        D        E       F      G
               +--------+--------+--------+--------+--------+-----+--------+
         Total |  14716 |  14302 |    414 |   1408 |   9192 |  14 | 1051.1 |
       Dungeon |  14716 |  14302 |    414 |   1408 |   9192 |  14 | 1051.1 |
               +--------+--------+--------+--------+--------+-----+--------+

Top non-repeatable levels by time:
    D:11: 2198 daAuts
     D:5: 1704 daAuts
     D:2: 1583 daAuts
     D:7: 1441 daAuts
     D:8: 1399 daAuts
    D:10: 1342 daAuts
     D:3: 1066 daAuts
     D:4: 1066 daAuts
     D:1: 1036 daAuts
     D:6: 925 daAuts
    D:15: 365 daAuts
     D:9: 297 daAuts
    D:12: 248 daAuts
    D:14: 42 daAuts
